IL
SPOKANE INDIANS @ TACOMA RAINIERS
08/09/2023
 
TOP OF THE 1ST
Spokane Indians batting - Pitching for Tacoma Rainiers : RHP Logan Rinehart
Pitching: RHP Logan Rinehart
Batting: RHB Luis Santana 0-0: Ball
1-0: Bunt missed!
1-1: Swinging Strike
1-2: Ball
2-2: Ball
3-2: Foul Ball, location: 2F
3-2: Strikes out swinging
Batting: RHB Freddy Zamora 0-0: Ball
1-0: Foul Ball, location: 2F
1-1: SINGLE (Groundball, 4MS, EV 73.1 MPH) (infield hit)
Batting: RHB Chuckie Robinson 0-0: Ball
1-0: Foul Ball, location: 2F
1-1: Swinging Strike
1-2: Ball
2-2: Ball
3-2: Base on Balls
Freddy Zamora to second
Batting: RHB D.J. Stewart 0-0: Ball
1-0: SINGLE (Line Drive, 78S, EV 104.4 MPH)
Freddy Zamora to third
Chuckie Robinson to second
Batting: RHB Fabricio Macias 0-0: Ball
1-0: Ball
2-0: Grounds into fielders choice 5-2 (Groundball, 5, EV 101.9 MPH)
Chuckie Robinson to third
D.J. Stewart to second
Batting: LHB Yoyner Fajardo 0-0: Called Strike
0-1: Called Strike
0-2: Ball
1-2: Fly out, F7 (Flyball, 7LMF, EV 93.8 MPH)
Top of the 1st over - 0 runs, 2 hits, 0 errors, 3 left on base; Spokane 0 - Tacoma 0
BOTTOM OF THE 1ST
Tacoma Rainiers batting - Pitching for Spokane Indians : RHP Jon Duplantier
Pitching: RHP Jon Duplantier
Batting: SHB Kaden Polcovich 0-0: Ball
1-0: Ball
2-0: SINGLE (Line Drive, 7S, EV 100.0 MPH)
Batting: SHB Sam Haggerty 0-0: Ball
1-0: Called Strike
1-1: Sac Bunt to 3S - play at first, batter OUT! 3-4
Kaden Polcovich to second
Batting: RHB Nick Solak 0-0: Swinging Strike
0-1: Ground out 4-3 (Groundball, 4, EV 81.3 MPH)
Kaden Polcovich to third
Batting: LHB Cade Marlowe 0-0: Ground out U3 (Groundball, 3, EV 89.4 MPH)
Bottom of the 1st over - 0 runs, 1 hit, 0 errors, 1 left on base; Spokane 0 - Tacoma 0
TOP OF THE 2ND
Spokane Indians batting - Pitching for Tacoma Rainiers : RHP Logan Rinehart
Batting: RHB Tyler Wyatt 0-0: Ball
1-0: SINGLE (Line Drive, 4D, EV 110.6 MPH)
Batting: RHB Alex Jackson 0-0: Swinging Strike
0-1: Fly out, F5 (Popup, 5S, EV 70.0 MPH)
Batting: RHB Leodany Perez 0-0: Called Strike
0-1: Ball
1-1: Ball
2-1: Swinging Strike
2-2: Strikes out swinging
Batting: RHB Luis Santana 0-0: Ball
1-0: Ball
2-0: Fielders Choice at 2nd, 6-4 (Groundball, 56, EV 86.3 MPH)
Top of the 2nd over - 0 runs, 1 hit, 0 errors, 1 left on base; Spokane 0 - Tacoma 0
BOTTOM OF THE 2ND
Tacoma Rainiers batting - Pitching for Spokane Indians : RHP Jon Duplantier
Batting: LHB Spencer Packard 0-0: Ball
1-0: Ball
2-0: Called Strike
2-1: Ground out 1-3 (Groundball, 13S, EV 71.9 MPH)
Batting: LHB Mike Ford 0-0: Ball
1-0: Swinging Strike
1-1: DOUBLE (Line Drive, 89D, EV 106.9 MPH)
Batting: SHB Cooper Hummel 0-0: Foul Ball, location: 25F
0-1: Hit by Pitch
Batting: RHB Brian O'Keefe 0-0: Ball
1-0: Called Strike
1-1: Single, Error in OF, E7, batter to second base (Line Drive, 56, EV 110.6 MPH)
Mike Ford scores
Cooper Hummel to third
Batting: RHB Josh Hood 0-0: Ball
1-0: Called Strike
1-1: Fly out, F9 (Flyball, 9S, EV 91.3 MPH)
Batting: SHB Kaden Polcovich 0-0: Ball
1-0: Ball
2-0: Called Strike
2-1: Swinging Strike
2-2: Fly out, F8 (Flyball, 8RM, EV 90.6 MPH)
Bottom of the 2nd over - 1 run, 2 hits, 1 error, 2 left on base; Spokane 0 - Tacoma 1
TOP OF THE 3RD
Spokane Indians batting - Pitching for Tacoma Rainiers : RHP Logan Rinehart
Batting: RHB Freddy Zamora 0-0: Ball
1-0: Called Strike
1-1: SINGLE (Line Drive, 7S, EV 86.9 MPH)
Batting: RHB Chuckie Robinson 0-0: Ball
1-0: Ball
2-0: Foul Ball, location: 23FF
2-1: Foul Ball, location: 9LMF
2-2: Foul Ball, location: 2F
2-2: Strikes out swinging
Batting: RHB D.J. Stewart 0-0: Foul Ball, location: 2F
0-1: Ball
1-1: Ball
2-1: Swinging Strike
2-2: Strikes out swinging
Batting: RHB Fabricio Macias 0-0: Ball
1-0: Ball
2-0: Ball
3-0: Base on Balls
Freddy Zamora to second
Batting: LHB Yoyner Fajardo 0-0: Called Strike
0-1: Called Strike
0-2: Ball
1-2: Strikes out looking
Top of the 3rd over - 0 runs, 1 hit, 0 errors, 2 left on base; Spokane 0 - Tacoma 1
BOTTOM OF THE 3RD
Tacoma Rainiers batting - Pitching for Spokane Indians : RHP Jon Duplantier
Batting: SHB Sam Haggerty 0-0: Called Strike
0-1: Ball
1-1: Ball
2-1: SOLO HOME RUN (Flyball, 9LD, EV 92.5 MPH), Distance : 342 ft
Batting: RHB Nick Solak 0-0: Called Strike
0-1: Foul Ball, location: 3SF
0-2: Ball
1-2: Ball
2-2: Foul Ball, location: 23F
2-2: Strikes out looking
Batting: LHB Cade Marlowe 0-0: Ground out 6-3 (Groundball, 6, EV 109.4 MPH)
Batting: LHB Spencer Packard 0-0: Foul Ball, location: 2F
0-1: Ball
1-1: Swinging Strike
1-2: Ball
2-2: Ball
3-2: Base on Balls
Batting: LHB Mike Ford 0-0: Called Strike
0-1: Ball
1-1: Called Strike
1-2: Strikes out swinging
Bottom of the 3rd over - 1 run, 1 hit, 0 errors, 1 left on base; Spokane 0 - Tacoma 2
TOP OF THE 4TH
Spokane Indians batting - Pitching for Tacoma Rainiers : RHP Logan Rinehart
Batting: RHB Tyler Wyatt 0-0: Ball
1-0: DOUBLE (Line Drive, 7LS, EV 92.5 MPH)
Batting: RHB Alex Jackson 0-0: Foul Ball, location: 2F
0-1: 2-RUN HOME RUN (Flyball, 78XD, EV 110.0 MPH), Distance : 408 ft
Batting: RHB Leodany Perez 0-0: Ball
1-0: Called Strike
1-1: Fly out, F8 (Flyball, 8LD, EV 80.6 MPH)
Batting: RHB Luis Santana 0-0: Swinging Strike
0-1: Ball
1-1: Ball
2-1: Ball
3-1: Foul Ball, location: 3FF
3-2: Foul Ball, location: 9LSF
3-2: Ground out 3-1 (Groundball, 34, EV 82.5 MPH)
Batting: RHB Freddy Zamora 0-0: Swinging Strike
0-1: Fly out, F8 (Flyball, 8LS, EV 73.1 MPH)
Top of the 4th over - 2 runs, 2 hits, 0 errors, 0 left on base; Spokane 2 - Tacoma 2
BOTTOM OF THE 4TH
Tacoma Rainiers batting - Pitching for Spokane Indians : RHP Jon Duplantier
Batting: SHB Cooper Hummel 0-0: Ball
1-0: Ball
2-0: Ball
3-0: Base on Balls
Batting: RHB Brian O'Keefe 0-0: Ball
1-0: Sac Bunt to 13 - play at first, batter OUT! 1-3
Cooper Hummel to second
Batting: RHB Josh Hood 0-0: Ground out 5-3 (Groundball, 56, EV 88.8 MPH)
Batting: SHB Kaden Polcovich 0-0: Swinging Strike
0-1: Ball
1-1: Foul Ball, location: 2F
1-2: Ground out 4-3 (Groundball, 4, EV 88.1 MPH)
Bottom of the 4th over - 0 runs, 0 hits, 0 errors, 1 left on base; Spokane 2 - Tacoma 2
TOP OF THE 5TH
Spokane Indians batting - Pitching for Tacoma Rainiers : RHP Logan Rinehart
Batting: RHB Chuckie Robinson 0-0: Called Strike
0-1: Ball
1-1: Ball
2-1: Swinging Strike
2-2: DOUBLE (Line Drive, 9LM, EV 103.8 MPH)
Batting: RHB D.J. Stewart 0-0: Foul Ball, location: 9LMF
0-1: Ball
1-1: Ball
2-1: Foul Ball, location: 2LF
2-2: Ball
3-2: Ground out 2-3 (Groundball, 15S, EV 70.0 MPH)
Batting: RHB Fabricio Macias 0-0: Called Strike
0-1: Called Strike
0-2: Ball
1-2: Strikes out swinging
Batting: LHB Yoyner Fajardo 0-0: Fly out, F7 (Flyball, 7, EV 87.5 MPH)
Top of the 5th over - 0 runs, 1 hit, 0 errors, 1 left on base; Spokane 2 - Tacoma 2
BOTTOM OF THE 5TH
Tacoma Rainiers batting - Pitching for Spokane Indians : RHP Jon Duplantier
Batting: SHB Sam Haggerty 0-0: Foul Ball, location: 5F
0-1: Ball
1-1: Called Strike
1-2: Ball
2-2: Ball
3-2: Foul Ball, location: 7LDF
3-2: Foul Ball, location: 5F
3-2: Strikes out swinging
Batting: RHB Nick Solak 0-0: Ball
1-0: Ball
2-0: Called Strike
2-1: SOLO HOME RUN (Flyball, 9LD, EV 93.1 MPH), Distance : 333 ft
Batting: LHB Cade Marlowe 0-0: Ball
1-0: Swinging Strike
1-1: Called Strike
1-2: Ball
2-2: Foul Ball, location: 5F
2-2: Strikes out swinging
Batting: LHB Spencer Packard 0-0: Ground out 6-3 (Groundball, 4MD, EV 106.9 MPH)
Bottom of the 5th over - 1 run, 1 hit, 0 errors, 0 left on base; Spokane 2 - Tacoma 3
TOP OF THE 6TH
Spokane Indians batting - Pitching for Tacoma Rainiers : RHP Logan Rinehart
Batting: RHB Tyler Wyatt 0-0: Ball
1-0: Ball
2-0: Ball
3-0: Called Strike
3-1: Foul Ball, location: 9LDF
3-2: Base on Balls
Batting: RHB Alex Jackson 0-0: Called Strike
0-1: Swinging Strike
0-2: Foul Ball, location: 9LDF
0-2: Ball
1-2: Foul Ball, location: 5FF
1-2: Ball
2-2: Strikes out looking
Batting: RHB Leodany Perez 0-0: Ball
1-0: Ball
2-0: Called Strike
2-1: Called Strike
2-2: Fly out, F8 (Flyball, 8LM, EV 81.9 MPH)
Pitching: RHP Chris Jefferson
Batting: RHB Luis Santana 0-0: Ball
1-0: Called Strike
1-1: Called Strike
1-2: Fly out, F6 (Popup, P, EV 90.6 MPH)
Top of the 6th over - 0 runs, 0 hits, 0 errors, 1 left on base; Spokane 2 - Tacoma 3
BOTTOM OF THE 6TH
Tacoma Rainiers batting - Pitching for Spokane Indians : RHP Jon Duplantier
Batting: LHB Mike Ford 0-0: Ball
1-0: Ball
2-0: SOLO HOME RUN (Flyball, 7LD, EV 95.0 MPH), Distance : 344 ft
Batting: SHB Cooper Hummel 0-0: Called Strike
0-1: Ball
1-1: Swinging Strike
1-2: Fly out, F9 (Flyball, 9S, EV 88.1 MPH)
Batting: RHB Brian O'Keefe 0-0: Ball
1-0: Called Strike
1-1: Ground out 6-3 (Groundball, 6, EV 79.4 MPH)
Batting: RHB Josh Hood 0-0: Called Strike
0-1: Swinging Strike
0-2: Ball
1-2: Foul Ball, location: 2F
1-2: Ground out 6-3 (Groundball, 6, EV 87.5 MPH)
Bottom of the 6th over - 1 run, 1 hit, 0 errors, 0 left on base; Spokane 2 - Tacoma 4
TOP OF THE 7TH
Spokane Indians batting - Pitching for Tacoma Rainiers : RHP Chris Jefferson
Batting: RHB Freddy Zamora 0-0: Foul Ball, location: 2F
0-1: Swinging Strike
0-2: Ball
1-2: Foul Ball, location: 3SF
1-2: Ball
2-2: Strikes out swinging
Batting: RHB Chuckie Robinson 0-0: Fly out, F5 (Popup, 5SF, EV 90.6 MPH)
Batting: RHB D.J. Stewart 0-0: Swinging Strike
0-1: SINGLE (Line Drive, 89S, EV 98.8 MPH)
Batting: RHB Fabricio Macias 0-0: Called Strike
0-1: Foul Ball, location: 2F
0-2: SINGLE (Line Drive, 7LS, EV 86.3 MPH)
D.J. Stewart to second
Batting: LHB Yoyner Fajardo 0-0: Foul Ball, location: 2F
0-1: Fielders Choice at 2nd, U4 (Groundball, 4M, EV 79.4 MPH)
Top of the 7th over - 0 runs, 2 hits, 0 errors, 2 left on base; Spokane 2 - Tacoma 4
BOTTOM OF THE 7TH
Tacoma Rainiers batting - Pitching for Spokane Indians : RHP Jon Duplantier
Batting: SHB Kaden Polcovich 0-0: Ball
1-0: Swinging Strike
1-1: Foul Ball, location: 5FF
1-2: Foul Ball, location: 7LMF
1-2: Ball
2-2: Ball
3-2: Base on Balls
Batting: SHB Sam Haggerty 0-0: Sac Bunt to 2R - play at first, batter OUT! 2-3
Kaden Polcovich to second
Batting: RHB Nick Solak 0-0: Swinging Strike
0-1: Foul Ball, location: 2F
0-2: SINGLE (Groundball, 15S, EV 66.9 MPH) (infield hit)
Kaden Polcovich to third
Pitching: RHP Joe Navilhon
Batting: LHB Cade Marlowe 0-0: Called Strike
0-1: Grounds into double play, 3-6-1 (Groundball, 3, EV 100.0 MPH)
Bottom of the 7th over - 0 runs, 1 hit, 0 errors, 1 left on base; Spokane 2 - Tacoma 4
TOP OF THE 8TH
Spokane Indians batting - Pitching for Tacoma Rainiers : RHP Chris Jefferson
Batting: RHB Tyler Wyatt 0-0: Foul Ball, location: 7LMFF
0-1: Called Strike
0-2: Ball
1-2: SINGLE (Line Drive, 3D, EV 96.3 MPH)
Batting: RHB Alex Jackson 0-0: Ball
1-0: Called Strike
1-1: Ball
2-1: Called Strike
2-2: Fly out, F8 (Flyball, 8LS, EV 76.3 MPH)
Batting: RHB Leodany Perez 0-0: Foul Ball, location: 3F
0-1: Foul Ball, location: 23FF
0-2: Ball
1-2: Ball
2-2: Foul Ball, location: 9LSF
2-2: Foul Ball, location: 2F
2-2: Ball
3-2: Foul Ball, location: 2F
3-2: Foul Ball, location: 3SF
3-2: Fly out, F9 (Flyball, 9, EV 90.0 MPH)
Batting: RHB Luis Santana 0-0: Called Strike
0-1: Ground out 4-3 (Groundball, 4, EV 76.3 MPH)
Top of the 8th over - 0 runs, 1 hit, 0 errors, 1 left on base; Spokane 2 - Tacoma 4
BOTTOM OF THE 8TH
Tacoma Rainiers batting - Pitching for Spokane Indians : RHP Joe Navilhon
Batting: LHB Spencer Packard 0-0: Ball
1-0: Foul Ball, location: 23FF
1-1: Foul Ball, location: 7LSF
1-2: Ball
2-2: Strikes out swinging
Batting: LHB Mike Ford 0-0: Ball
1-0: Foul Ball, location: 2F
1-1: Swinging Strike
1-2: Foul Ball, location: 7LSF
1-2: Ball
2-2: Ball
3-2: Base on Balls
Batting: SHB Cooper Hummel 0-0: Called Strike
0-1: Foul Ball, location: 25FF
0-2: Grounds into double play, 4-6-3 (Groundball, 4, EV 87.5 MPH)
Bottom of the 8th over - 0 runs, 0 hits, 0 errors, 0 left on base; Spokane 2 - Tacoma 4
TOP OF THE 9TH
Spokane Indians batting - Pitching for Tacoma Rainiers : RHP Chris Jefferson
Pitching: RHP Devin Sweet
Now at 1B: Evan White
Now in RF: Jack Larsen
Batting: RHB Freddy Zamora 0-0: Ball
1-0: Foul Ball, location: 2F
1-1: SINGLE (Line Drive, 89M, EV 96.3 MPH)
Batting: RHB Chuckie Robinson 0-0: SINGLE (Line Drive, 7LM, EV 95.0 MPH)
Freddy Zamora to second
Batting: RHB D.J. Stewart 0-0: Swinging Strike
0-1: Foul Ball, location: 9LDF
0-2: Ball
1-2: TRIPLE (Flyball, 78XD, EV 96.9 MPH)
Freddy Zamora scores
Chuckie Robinson scores
Batting: RHB Fabricio Macias 0-0: Called Strike
0-1: Ball
1-1: Ball
2-1: Foul Ball, location: 2F
2-2: Foul Ball, location: 2F
2-2: Ball
3-2: Base on Balls
Batting: LHB Yoyner Fajardo 0-0: Ball
1-0: Ball
2-0: Fly out, F8 (Flyball, 8LM, EV 84.4 MPH)
Runner from 3rd tags up, SCORES, throw by CF
Batting: RHB Tyler Wyatt 0-0: Ball
1-0: Called Strike
1-1: Ball
2-1: Fly out, F3 (Popup, 23, EV 90.6 MPH)
Batting: RHB Alex Jackson 0-0: Ball
1-0: Foul Ball, location: 2F
1-1: 2-RUN HOME RUN (Flyball, 7D, EV 96.9 MPH), Distance : 372 ft
Pitching: LHP Peyton Alford
Batting: RHB Leodany Perez 0-0: Swinging Strike
0-1: Ball
1-1: Foul Ball, location: 23FF
1-2: Ball
2-2: Ball
3-2: Foul Ball, location: 2F
3-2: Base on Balls
Batting: RHB Luis Santana 0-0: Ball
1-0: Ball
Leodany Perez steals 2nd base
2-0: Ball
3-0: Called Strike
3-1: Foul Ball, location: 7LSF
3-2: Ground out 4-3 (Groundball, 4, EV 110.6 MPH)
Top of the 9th over - 5 runs, 4 hits, 0 errors, 1 left on base; Spokane 7 - Tacoma 4
BOTTOM OF THE 9TH
Tacoma Rainiers batting - Pitching for Spokane Indians : RHP Joe Navilhon
Pitching: RHP Edubray Ramos
Batting: RHB Brian O'Keefe 0-0: Called Strike
0-1: Ball
1-1: Ground out 6-3 (Groundball, 4M, EV 78.1 MPH)
Pinch Hitting: LHB Colin Moran 0-0: Ball
1-0: Fly out, F8 (Flyball, 89M, EV 93.8 MPH)
Batting: SHB Kaden Polcovich 0-0: Swinging Strike
0-1: Ground out 4-3 (Groundball, 4M, EV 101.3 MPH)
Bottom of the 9th over - 0 runs, 0 hits, 0 errors, 0 left on base; Spokane 7 - Tacoma 4
Wednesday, May 29th , 2024 - OOTP Baseball 24.11 Build 85